 Dungeon Crawl Stone Soup version 0.23.2-1-ga50397a6bc (webtiles) character file.

Game seed: 12652392855419236240

4983 ApatheticPlayer the Basher (level 10, -2/96 HPs)
             Began as a Minotaur Berserker on May 17, 2019.
             Was an Elder of Trog.
             Slain by a troll (7 damage)
             ... on level 7 of the Dungeon.
             The game lasted 01:09:55 (7713 turns).

ApatheticPlayer the Basher (Minotaur Berserker)     Turns: 7713, Time: 01:09:56

Health: -2/96      AC: 13    Str: 25    XL:     10   Next: 29%
Magic:  9/9        EV:  7    Int:  4    God:    Trog [****..]
Gold:   419        SH:  0    Dex: 10    Spells: 9/9 levels left

rFire    . . .     SeeInvis .   y - +0 mace
rCold    . . .     Gourm    .   (no shield)
rNeg     . . .     Faith    .   A - +0 plate armour
rPois    .         Spirit   .   (helmet restricted)
rElec    .         Reflect  .   (no cloak)
rCorr    .         Harm     .   r - +0 pair of gloves
MR       .....                  (no boots)
Stlth    ..........             (no amulet)
HPRegen  0.26/turn              (no ring)
MPRegen  0.11/turn              (no ring)

@: berserk cooldown, hasted, very quick
A: retaliatory headbutt, horns 2
a: Berserk, Trog's Hand, Brothers in Arms, Renounce Religion


You were on level 7 of the Dungeon.
You worshipped Trog.
Trog was greatly pleased with you.
You were very hungry.

You visited 1 branch of the dungeon, and saw 8 of its levels.

You collected 419 gold pieces.

Inventory:

Hand Weapons
 t - a +0 battleaxe
 y - a +0 mace (weapon)
 D - a +0 flail
 E - a +0 flail of crushing
 F - a +2 spear of piercing
Missiles
 k - 3 curare-tipped needles
 o - 5 needles of sleeping
Armour
 r - a +0 pair of gloves (worn)
 A - a +0 plate armour (worn)
Wands
 a - a wand of polymorph (6)
 b - a wand of acid (22)
 v - a wand of random effects (18)
 w - a wand of clouds (4)
 z - a wand of paralysis (12)
 G - a wand of disintegration (15)
Scrolls
 d - 3 scrolls of teleportation
 e - a scroll of immolation
 h - a scroll of blinking
 j - 4 scrolls of magic mapping
 l - a scroll of noise {unknown}
 n - 3 scrolls of remove curse
 s - a scroll of fear {unknown}
 u - 2 scrolls of identify
 x - a scroll of amnesia {unknown}
 C - a scroll of random uselessness {unknown}
Potions
 i - 2 potions of curing
 m - 4 potions of flight
 p - 2 potions of agility
 q - a potion of degeneration
 B - 2 potions of haste
Comestibles
 c - 16 rations
 f - 2 chunks of flesh


   Skills:
 + Level 11.3 Fighting
 - Level 14.0 Maces & Flails
 - Level 4.0 Armour
 - Level 2.1 Dodging


You had 9 spell levels left.
You didn't know any spells.
Your spell library contained the following spells:

 Spells                   Type           Power        Failure   Level  Hunger
 Corona                   Hex            #......      100%        1    ##.....
 Sting                    Conj/Pois      #...         100%        1    ##.....
 Poisonous Vapours        Pois/Air       #.....       100%        2    ###....
 Slow                     Hex            #.......     100%        2    ###....
 Inner Flame              Hex/Fire       #.......     100%        3    ####...
 Mephitic Cloud           Conj/Pois/Air  #.......     100%        3    ####...
 Portal Projectile        Hex/Tloc       #.....       100%        3    ####...
 Cause Fear               Hex            #.........   100%        4    #####..
 Leda's Liquefaction      Hex/Erth       #.........   100%        4    #####..
 Olgreb's Toxic Radiance  Pois           #.......     100%        4    #####..
 Venom Bolt               Conj/Pois      #.........   100%        5    ######.


Dungeon Overview and Level Annotations

Branches:
Dungeon (8/15)             Temple (0/1) D:7
   Lair: D:8-11

Altars:
Dithmenos
Okawaru
Ru
Trog
Xom
Yredelemnul
Zin

Shops:
D:4 }


Innate Abilities, Weirdness & Mutations

You reflexively headbutt those who attack you in melee.
You have a pair of horns on your head.


Message History

There is a stone staircase leading up here.
You climb upwards.
Reactivating autopickup.
There is a stone staircase leading down here.
You completely miss the troll. You headbutt the troll!
The troll is severely wounded.
You closely miss the troll. Your headbutt misses the troll.
The troll is severely wounded.
The troll bites you but does no damage. The troll claws you.
* * * LOW HITPOINT WARNING * * *
The troll claws you.
* * * LOW HITPOINT WARNING * * *
Your plate armour prevents you from hitting the troll.
The troll is severely wounded.
You closely miss the troll.
The troll is severely wounded.
The troll bites you!
* * * LOW HITPOINT WARNING * * *
The troll claws you!
You die...

############....###
##......(...........
#......[#####....###
#..........##....###
#..........##.......
#..........#####....
########.......#### #....
#..............# #....
#........T@....############
#........>.................
#..............############
#.........###### ###..
#.........### ##....
#.........#.# ##.....
###########.##### ###....##
##.....###....###
########### #............##


You could see a troll.

Vanquished Creatures
  A two-headed ogre (D:8)
  An unseen horror (D:6)
  Maurice (D:8)
  A hippogriff (D:7)
  Grinder (D:3)
  Prince Ribbit (D:6)
  Eustachio (D:5)
  Menkaure (D:7)
  Edmund (D:6)
  A sky beast (D:7)
  An ice beast (D:7)
  A black bear (D:6)
  A necrophage (D:7)
  4 ogres
  A phantom (D:4)
  2 centaurs (D:7)
  2 bullfrogs (D:7)
  3 scorpions
  A water moccasin skeleton (D:6)
  6 killer bees (D:7)
  3 howler monkeys
  2 crimson imps
  A hound (D:5)
  A bullfrog zombie (D:5)
  A jelly (D:7)
  A centaur skeleton (D:5)
  7 orc wizards
  5 orc priests
  A bullfrog skeleton (D:6)
  An iguana (D:5)
  Ijyb (D:3)
  5 worker ants
  A hound zombie (D:5)
  A hound skeleton (D:5)
  7 adders
  3 gnolls (D:3)
  2 oozes
  An adder zombie (D:5)
  4 worms
  A dart slug (D:3)
  3 leopard geckos
  20 orcs
  5 bats
  2 giant cockroaches
  5 goblins
  15 hobgoblins
  6 jackals
  6 quokkas
  2 ball pythons (D:2)
  4 frilled lizards
  A jackal zombie (D:6)
  5 kobolds
  A leopard gecko zombie (D:7)
  13 rats
169 creatures vanquished.

Notes
Turn   | Place    | Note
-------+----------+-------------------------------------------
     0 | D:1      | ApatheticPlayer the Minotaur Berserker began the quest for
                  | the Orb.
     0 | D:1      | Reached XP level 1. HP: 19/19 MP: 0/0
   151 | D:1      | Reached skill level 4 in Maces & Flails
   301 | D:1      | Reached XP level 2. HP: 23/26 MP: 1/1
   775 | D:1      | Reached skill level 5 in Maces & Flails
   965 | D:2      | Found a basalt altar of Yredelemnul.
   975 | D:2      | Reached XP level 3. HP: 31/31 MP: 2/2
  1295 | D:2      | Reached ** piety under Trog
  1381 | D:2      | Found a shadowy altar of Dithmenos.
  1616 | D:2      | Reached skill level 6 in Maces & Flails
  1616 | D:2      | Reached XP level 4. HP: 39/39 MP: 3/3
  2314 | D:2      | Found a shimmering altar of Xom.
  2314 | D:2      | Found a deep blue altar of Sif Muna.
  2316 | D:2      | Found a shimmering altar of Xom.
  2316 | D:2      | Found a burning altar of Makhleb.
  2316 | D:2      | Found a snail-covered altar of Cheibriados.
  2377 | D:2      | Reached XP level 5. HP: 42/45 MP: 4/4
  2570 | D:3      | Reached skill level 7 in Maces & Flails
  2678 | D:3      | Reached skill level 8 in Maces & Flails
  2680 | D:3      | Reached *** piety under Trog
  2685 | D:3      | Noticed Ijyb
  2699 | D:3      | Killed Ijyb
  2699 | D:3      | Reached XP level 6. HP: 21/51 MP: 5/5
  3311 | D:3      | Noticed Grinder
  3415 | D:3      | Killed Grinder
  3415 | D:3      | Reached skill level 9 in Maces & Flails
  3415 | D:3      | Reached XP level 7. HP: 57/57 MP: 6/6
  3639 | D:4      | Reached skill level 10 in Maces & Flails
  3810 | D:4      | Found Aceracosty's Gadget Shop.
  4424 | D:5      | Entered Level 5 of the Dungeon
  4587 | D:5      | Found an iron altar of Okawaru.
  4820 | D:5      | Found a bloodstained altar of Trog.
  5257 | D:5      | Noticed Eustachio
  5309 | D:5      | Killed Eustachio
  5309 | D:5      | Reached skill level 5 in Fighting
  5309 | D:5      | Reached XP level 8. HP: 60/69 MP: 7/7
  5436 | D:6      | Reached skill level 11 in Maces & Flails
  5590 | D:6      | Noticed Prince Ribbit
  5610 | D:6      | Killed Prince Ribbit
  5766 | D:6      | Found a sacrificial altar of Ru.
  5767 | D:6      | Found a glowing silver altar of Zin.
  5807 | D:6      | Reached **** piety under Trog
  5843 | D:6      | Found a shadowy altar of Dithmenos.
  5850 | D:6      | Reached skill level 12 in Maces & Flails
  6079 | D:6      | Noticed Edmund
  6097 | D:6      | Killed Edmund
  6208 | D:6      | Killed an unseen horror
  6208 | D:6      | Reached skill level 13 in Maces & Flails
  6208 | D:6      | Reached XP level 9. HP: 36/74 MP: 8/8
  6527 | D:7      | Reached skill level 14 in Maces & Flails
  7220 | D:7      | Found a staircase to the Ecumenical Temple.
  7478 | D:7      | Noticed Menkaure
  7482 | D:7      | Killed Menkaure
  7643 | D:8      | Noticed a two-headed ogre
  7654 | D:8      | Reached XP level 10. HP: 91/91 MP: 9/9
  7659 | D:8      | Noticed Maurice
  7664 | D:8      | Killed a two-headed ogre
  7664 | D:8      | Reached skill level 10 in Fighting
  7671 | D:8      | Killed Maurice
  7713 | D:7      | Slain by a troll

Skill      XL: |  1  2  3  4  5  6  7  8  9 10 |
---------------+-------------------------------+-----
Maces & Flails | 4 5 6 8 9 10 13 14 | 14.0
Fighting       | 5 9 11 | 11.3
Armour         | 4 |  4.0
Dodging        | |  2.1

Action                   |  1- 3 |  4- 6 |  7- 9 | 10-12 || total
-------------------------+-------+-------+-------+-------++-------
Melee: Mace              |    77 |   120 |   355 |    28 ||   580
       Headbutt          |    10 |    17 |    65 |    10 ||   102
Invok: Berserk           |     1 |     3 |     4 |     1 ||     9
       Trog's Hand       |       |     1 |       |       ||     1
  Use: Potion            |     1 |     1 |     3 |     5 ||    10
       Scroll            |       |     3 |     5 |       ||     8
 Stab: Sleeping          |     1 |       |       |       ||     1
  Eat: Chunk             |     2 |     9 |    15 |       ||    26
       Ration            |       |       |     1 |       ||     1
Armor: Animal skin       |     7 |       |       |       ||     7
       Scale mail        |     8 |     3 |       |       ||    11
       Plate armour      |       |    59 |   190 |    16 ||   265
Dodge: Dodged            |    47 |    38 |    93 |    14 ||   192
